cohdb
Replays
Latest Replays
All Replays
Popular Replays
Top Player Replays
Match Explorer
How It Works
Community
CoH3 Stats
Reddit
Sign in to upload your games and track your stats! →
Sign in with Steam
Match 45111724
Unlisted
Match 45111724
Overview
Messages
Build Orders
End
Construct Infanterie Kompanie
Grenadier Squad
Grenadier Squad
Grenadier Squad
MG 42 Machine Gun Team
Infanterie Officer Quarters
Construct Luftwaffe Kompanie
Jäger Squad
Support Elements
Selects Breakthrough Battlegroup
Selects Rapid Production
Selects Assault Grenadiers
Flak 30 Anti-aircraft Gun Team
MadMax
Vigilante Anti-Hero
0
0
Comments
sign in to comment!
No comments posted yet!